 Dungeon Crawl Stone Soup version 0.23.0 (webtiles) character file.

Game seed: 10892257652161821828

14059 Borgoz the Covert (level 12, 0/80 HPs)
             Began as a Kobold Monk on Feb 16, 2019.
             Was a High Priest of Kikubaaqudgha.
             Killed by vampiric draining
             ... invoked by a vampire
              (10 damage)
             ... on level 12 of the Dungeon.
             The game lasted 00:44:18 (18938 turns).

Borgoz the Covert (Kobold Monk)                    Turns: 18938, Time: 00:44:19

Health: 0/80       AC:  6    Str: 11    XL:     12   Next: 40%
Magic:  12/12      EV: 31    Int: 12    God:    Kikubaaqudgha [*****.]
Gold:   247        SH:  0    Dex: 24    Spells: 11/11 levels left

rFire    + . .     SeeInvis .   a - +0 rapier (venom)
rCold    + + .     Gourm    .   (shield restricted)
rNeg     . . .     Faith    .   v - +2 leather armour {rC+}
rPois    .         Spirit   .   R - +0 helmet (curse)
rElec    .         Reflect  .   S - scarf {rC+ rF+}
rCorr    .         Harm     .   (no gloves)
MR       .....                  (no boots)
Stlth    ++++++++..             j - amulet of regeneration
HPRegen  0.63/turn              (no ring)
MPRegen  0.13/turn              x - ring of stealth

@: agile, very slightly contaminated
A: small, carnivore
a: Receive Corpses, Torment, Renounce Religion


You were on level 12 of the Dungeon.
You worshipped Kikubaaqudgha.
Kikubaaqudgha was extremely pleased with you.
You were completely stuffed.

You visited 2 branches of the dungeon, and saw 13 of its levels.
You also visited: Sewer.

You collected 983 gold pieces.
You spent 736 gold pieces at shops.

Inventory:

Hand Weapons
 a - a +0 rapier of venom (weapon)
 b - a +0 blowgun
 m - a +0 dagger of holy wrath
 F - a +0 dagger of venom
Missiles
 d - 7 tomahawks (quivered)
 q - 7 curare-tipped needles
 t - 7 needles of sleeping
 y - 52 poisoned needles
 L - 2 tomahawks of dispersal
Armour
 l - a +2 cloak
 v - a +2 leather armour of cold resistance (worn)
 E - a +2 robe of magic resistance
 R - a cursed +0 helmet (worn)
 S - a scarf of resistance (worn)
Jewellery
 j - an amulet of regeneration (around neck)
 w - an uncursed ring of resist corrosion
 x - a ring of stealth (right hand)
 B - the ring "Lyxod" {*Corrode rF+ rN+ Int+2 SInv}
   (You found it on level 7 of the Dungeon)

   [ring of see invisible]

   It affects your intelligence (+2).
   It protects you from fire.
   It protects you from negative energy.
   It lets you see invisible.
   It may corrode you when you take damage.
 P - an uncursed ring of wizardry
Wands
 e - a wand of iceblast (8)
 f - a wand of random effects (10)
 p - a wand of paralysis (6)
 H - a wand of polymorph (8)
 I - a wand of flame (19)
 J - a wand of acid (8)
 Q - a wand of digging (4)
Scrolls
 g - 4 scrolls of remove curse
 h - 4 scrolls of blinking
 i - 5 scrolls of enchant weapon
 n - 2 scrolls of magic mapping
 o - 5 scrolls of teleportation
 u - 5 scrolls of fog
 A - 2 scrolls of fear
 D - 2 scrolls of amnesia {unknown}
 G - a scroll of noise {unknown}
Potions
 r - 2 potions of flight
 s - 5 potions of lignification
 z - 2 potions of magic
 K - 2 potions of invisibility
Comestibles
 c - 32 rations
 C - 4 chunks of flesh


   Skills:
 + Level 11.0 Fighting
 + Level 12.8 Short Blades
 + Level 0.8 Armour
 + Level 11.9 Dodging
 + Level 13.4 Stealth


You had 11 spell levels left.
You didn't know any spells.
Your spell library contained the following spells:

 Spells                   Type           Power        Failure   Level  Hunger
 Animate Skeleton         Necr           N/A          41%         1    ##.....
 Apportation              Tloc           #.....       41%         1    ##.....
 Corona                   Hex            #......      41%         1    ##.....
 Freeze                   Ice            #...         41%         1    ##.....
 Magic Dart               Conj           #...         41%         1    ##.....
 Pain                     Necr           #...         41%         1    ##.....
 Sting                    Conj/Pois      #...         41%         1    ##.....
 Summon Butterflies       Summ           #.......     41%         1    ##.....
 Summon Small Mammal      Summ           #...         41%         1    ##.....
 Blink                    Tloc           N/A          54%         2    ###....
 Call Imp                 Summ           #.......     54%         2    ###....
 Poisonous Vapours        Pois/Air       #.....       54%         2    ###....
 Slow                     Hex            #.......     54%         2    ###....
 Sublimation of Blood     Necr           #.........   54%         2    ###....
 Throw Frost              Conj/Ice       #.....       54%         2    ###....
 Conjure Flame            Conj/Fire      #.......     78%         3    ####...
 Inner Flame              Hex/Fire       #.......     78%         3    ####...
 Lesser Beckoning         Tloc           #.........   78%         3    ####...
 Mephitic Cloud           Conj/Pois/Air  #.......     78%         3    ####...
 Ozocubu's Armour         Chrm/Ice       #.......     78%         3    ####...
 Portal Projectile        Hex/Tloc       #.....       78%         3    ####...
 Tukima's Dance           Hex            #.......     78%         3    ####...
 Vampiric Draining        Necr           #.........   78%         3    ####...
 Cause Fear               Hex            #.........   99%         4    #####..
 Leda's Liquefaction      Hex/Erth       #.........   99%         4    #####..
 Olgreb's Toxic Radiance  Pois           #.......     99%         4    #####..
 Summon Ice Beast         Ice/Summ       #.......     99%         4    #####..
 Throw Icicle             Conj/Ice       #.......     99%         4    #####..
 Agony                    Necr           #.......     100%        5    ######.
 Alistair's Intoxication  Tmut/Pois      #.......     100%        5    ######.
 Bolt of Draining         Conj/Necr      #.........   100%        5    ######.
 Borgnjor's Vile Clutch   Necr/Erth      #.........   100%        5    ######.
 Dispel Undead            Necr           #.......     100%        5    ######.
 Venom Bolt               Conj/Pois      #.........   100%        5    ######.
 Bolt of Cold             Conj/Ice       #.........   100%        6    #######
 Invisibility             Hex            #.......     100%        6    #######
 Iron Shot                Conj/Erth      #.........   100%        6    #######
 Simulacrum               Ice/Necr       #.........   100%        6    #######


Dungeon Overview and Level Annotations

Branches:
Dungeon (12/15)            Temple (1/1) D:5            Lair (0/6) D:9
    Orc (0/2) D:9

Altars:
Ashenzari
Cheibriados
Dithmenos
Elyvilon
Fedhas
Gozag
Hepliaklqana
Kikubaaqudgha
Makhleb
Nemelex Xobeh
Okawaru
Qazlal
Ru
Sif Muna
Trog
Uskayaw
Vehumet
Wu Jian
Xom
Yredelemnul
Zin
The Shining One

Shops:
D:4 !   D:6 !   D:11 [


Innate Abilities, Weirdness & Mutations

You are small and have problems with some larger weapons.
You are carnivorous and can eat meat at any time.


Message History

Something misses you. x2
You hit something. You miss something. Something closely misses you.
Something completely misses you.
You puncture something! Something closely misses you. x2
You hit something but do no damage. You barely miss something.
Something hits you.
* * * LOW HITPOINT WARNING * * *
Something bites you.
* * * LOW HITPOINT WARNING * * *
Something draws strength from your injuries!
You hit something but do no damage.
You flicker back into view.
Something hits you but does no damage. Something bites you!
* * * LOW HITPOINT WARNING * * *
Something draws strength from your injuries!
You hit something but do no damage. You hit something.
Unholy energy fills the air.
You die...
Kikubaaqudgha rasps: "You have failed me!
Welcome... death!"

#..####....l...
#............## ..
#.######.###.# ..
#...<.##.###.# ##.
#####........ ..
#.#####..# ##.# #####.#
#.#.# #..# ......#
#.##.#####..#
#####.#####.###.@.)...#
#....##.##.##.####.(.#
#......#...#[##
#......# #....##.###.##
#......# ##.#.#### #.#
...###.# #.#.#
#....>....# .. #.#.#
#####.###.. .. #.#.# #{
#.# . #.#.# # #.#


There were no monsters in sight!

Vanquished Creatures
  A two-headed ogre (D:11)
  Pikel (D:7)
  2 ugly things
  A deep elf mage (D:7)
  2 centaur zombies (D:11)
  A manticore (D:12)
  The ghost of nikopol the Chopper, a novice MiBe of Trog (D:5)
  A gargoyle (D:12)
  The ghost of HEYYEYAAE the Bolt Thrower, a novice OpHu (D:3)
  2 komodo dragons
  A queen bee (D:11)
  2 trolls
  A slime creature (D:7)
  A hippogriff (D:7)
  A spriggan (D:7)
  A steam dragon (D:11)
  2 insubstantial wisps (D:11)
  Edmund (D:6)
  5 orc warriors
  2 porcupines (D:9)
  2 water moccasins
  2 ice beasts
  4 black bears
  3 phantoms
  6 sky beasts
  4 ogres
  3 slaves (D:7)
  7 centaurs
  2 crocodiles
  8 big kobolds
  7 bullfrogs
  A wyvern zombie (D:6)
  3 scorpions
  32 killer bees
  5 wights (D:10)
  4 howler monkeys
  A bullfrog zombie (D:7)
  6 crimson imps
  4 hounds
  4 jellies
  4 orc priests
  10 orc wizards
  A quasit (D:12)
  A bullfrog skeleton (D:5)
  Ijyb (D:2)
  3 iguanas
  7 worker ants
  A hound zombie (D:10)
  A hound skeleton (D:10)
  6 gnolls (D:6)
  20 adders
  A howler monkey skeleton (D:6)
  3 river rats (Sewer)
  2 shadow imps (D:6)
  An ooze (D:2)
  An adder zombie (D:5)
  2 adder skeletons
  5 worms
  3 dart slugs
  8 leopard geckos
  51 orcs
  6 ball pythons
  A giant cockroach (D:1)
  10 hobgoblins
  15 jackals
  8 quokkas
  11 bats
  2 frilled lizards (D:1)
  14 goblins
  61 kobolds
  A leopard gecko skeleton (D:6)
  2 leopard gecko zombies
  10 rats
411 creatures vanquished.

Vanquished Creatures (others)
  An unseen horror (D:12)
  A slave (D:7)
  2 fungi (D:9)
  5 plants (D:9)
9 creatures vanquished.

Grand Total: 420 creatures vanquished

Notes
Turn   | Place    | Note
-------+----------+-------------------------------------------
     0 | D:1      | Borgoz the Kobold Monk began the quest for the Orb.
     0 | D:1      | Reached XP level 1. HP: 14/14 MP: 1/1
   164 | D:1      | Reached skill level 3 in Stealth
   164 | D:1      | Reached XP level 2. HP: 14/19 MP: 2/2
   757 | D:1      | Reached XP level 3. HP: 23/23 MP: 3/3
  1977 | D:2      | Reached XP level 4. HP: 24/29 MP: 4/4
  2145 | D:2      | Found a blossoming altar of Fedhas.
  2282 | D:2      | Reached skill level 4 in Stealth
  2443 | D:2      | Reached skill level 5 in Short Blades
  2443 | D:2      | Reached XP level 5. HP: 10/33 MP: 5/5
  2822 | D:2      | Noticed Ijyb
  2866 | D:2      | Killed Ijyb
  3359 | D:3      | Reached XP level 6. HP: 36/39 MP: 6/6
  3431 | D:3      | Found a glowing drain.
  3458 | Sewer    | Entered a sewer
  3660 | Sewer    | Reached skill level 5 in Dodging
  4010 | Sewer    | Reached skill level 5 in Stealth
  4825 | D:3      | Found a runed translucent gate.
  4826 | D:3      | Found a runed translucent gate.
  4827 | D:3      | Found a runed translucent gate.
  4834 | D:3      | Noticed HEYYEYAAE's ghost (novice OpHu)
  4941 | D:3      | Reached XP level 7. HP: 36/44 MP: 7/7
  5665 | D:3      | Reached skill level 5 in Fighting
  6182 | D:3      | Reached skill level 6 in Stealth
  6373 | D:3      | Reached XP level 8. HP: 30/50 MP: 8/8
  6730 | D:3      | Reached skill level 7 in Stealth
  7447 | D:4      | Found Vaopn's Distillery.
  7450 | D:4      | Bought a potion of berserk rage for 70 gold pieces
  7450 | D:4      | Bought a potion of lignification for 42 gold pieces
  7450 | D:4      | Bought a potion of curing for 42 gold pieces
  7450 | D:4      | Bought a potion of heal wounds for 70 gold pieces
  8153 | D:5      | Entered Level 5 of the Dungeon
  8311 | D:5      | Found a transporter.
  8316 | D:5      | Found a transporter.
  8387 | D:5      | Noticed nikopol's ghost (novice MiBe)
  8650 | D:5      | Found a staircase to the Ecumenical Temple.
  8662 | Temple   | Entered the Ecumenical Temple
  8912 | Temple   | Became a worshipper of Kikubaaqudgha
  8912 | Temple   | Reached * piety under Kikubaaqudgha
  8912 | Temple   | Identified Kikubaaqudgha's Volume of Black Rites
                  | (Kikubaaqudgha gifted it to you in the Ecumenical Temple)
  8912 | Temple   | Received a gift from Kikubaaqudgha
  8912 | Temple   | Reached ** piety under Kikubaaqudgha
  9017 | D:5      | Found a snail-covered altar of Cheibriados.
  9564 | D:6      | Reached XP level 9. HP: 54/56 MP: 9/9
  9750 | D:6      | Reached skill level 8 in Stealth
 10421 | D:6      | Found Vaobb's Distillery.
 10729 | D:6      | Noticed Edmund
 10789 | D:6      | Killed Edmund
 10988 | D:6      | Reached skill level 9 in Stealth
 11017 | D:6      | Reached *** piety under Kikubaaqudgha
 11017 | D:6      | Identified Kikubaaqudgha's Almanac of Sinister Secrets
                  | (Kikubaaqudgha gifted it to you on level 6 of the Dungeon)
 11017 | D:6      | Received a gift from Kikubaaqudgha
 11313 | D:7      | Found a radiant altar of Vehumet.
 11892 | D:3      | Killed HEYYEYAAE's ghost
 12280 | D:5      | Killed nikopol's ghost
 12280 | D:5      | Reached XP level 10. HP: 51/64 MP: 10/10
 12408 | D:7      | Reached skill level 10 in Stealth
 12636 | D:8      | Found a shadowy altar of Dithmenos.
 12743 | D:7      | Reached skill level 10 in Short Blades
 12859 | D:7      | Found the +3 Elemental Staff {rElec rF++ rC++ MR++ AC+5}
 12859 | D:7      | Noticed a deep elf mage
 12915 | D:7      | Killed a deep elf mage
 13020 | D:7      | Noticed Pikel
 13090 | D:7      | Killed Pikel
 13208 | D:7      | Got a warped lapis lazuli ring
 13210 | D:7      | Identified the Papyrus of Attacks and Creation
 13316 | D:7      | Reached skill level 11 in Stealth
 13683 | D:7      | Identified the ring "Lyxod" {*Corrode rF+ rN+ Int+2 SInv}
                  | (You found it on level 7 of the Dungeon)
 13811 | D:8      | Noticed a green ugly thing
 13815 | D:8      | Killed a green ugly thing
 13815 | D:8      | Reached skill level 10 in Dodging
 13815 | D:8      | Reached XP level 11. HP: 71/71 MP: 11/11
 13822 | D:8      | Noticed a phantasmal warrior
 13939 | D:8      | Noticed a death knight
 13940 | D:8      | Noticed a skeletal warrior
 14025 | D:9      | Found a staircase to the Lair.
 14219 | D:9      | Reached **** piety under Kikubaaqudgha
 14443 | D:9      | Found a staircase to the Orcish Mines.
 14971 | D:9      | Reached skill level 12 in Stealth
 15385 | D:10     | Entered Level 10 of the Dungeon
 15436 | D:10     | Reached ***** piety under Kikubaaqudgha
 15745 | D:10     | Reached skill level 10 in Fighting
 16847 | D:11     | Found Zuukk's Armour Shop.
 16855 | D:11     | Bought a scarf of resistance for 512 gold pieces
 17500 | D:11     | Reached XP level 12. HP: 37/78 MP: 12/12
 17603 | D:11     | Noticed a two-headed ogre
 17711 | D:11     | Killed a two-headed ogre
 17711 | D:11     | Reached skill level 13 in Stealth
 18544 | D:12     | Killed an unseen horror
 18938 | D:12     | Killed from afar by a vampire

Skill      XL: |  1  2  3  4  5  6  7  8  9 10 11 12 |
---------------+-------------------------------------+-----
Stealth        | 3 4 5 6 7 9 11 12 13 | 13.4
Dodging        | 4 5 6 7 8 10 11 | 11.9
Fighting       | 4 5 6 8 9 10 11 | 11.0
Short Blades   | 5 6 7 9 10 12 | 12.8
Armour         | |  0.8

Action                   |  1- 3 |  4- 6 |  7- 9 | 10-12 || total
-------------------------+-------+-------+-------+-------++-------
Melee: Short sword       |   103 |       |       |       ||   103
       Rapier            |    39 |   301 |   350 |    91 ||   781
       Dagger            |       |       |   441 |  1664 ||  2105
 Fire: Blowgun           |       |       |       |     9 ||     9
Throw: Tomahawk          |       |       |       |     2 ||     2
Evoke: Wand              |       |       |       |     1 ||     1
  Use: Scroll            |     2 |       |     7 |     7 ||    16
       Potion            |       |     2 |     7 |    15 ||    24
 Stab: Sleeping          |     7 |     6 |    10 |    21 ||    44
       Distracted        |       |       |     4 |     2 ||     6
       Invisible         |       |       |     2 |     2 ||     4
  Eat: Chunk             |    11 |    10 |    19 |    28 ||    68
Armor: Robe              |    16 |    25 |    37 |    14 ||    92
       Leather armour    |       |       |       |    92 ||    92
Dodge: Dodged            |   141 |   206 |   495 |  1130 ||  1972
